 Dungeon Crawl Stone Soup version 0.17-a0-1882-g750edc8 (webtiles) character file.

249 4thArraOfDagon the Ruffian (level 6, 0/57 HPs)
             Began as a Naga Monk on Sept 22, 2015.
             Slain by a hippogriff (1 damage)
             ... on level 8 of the Dungeon.
             The game lasted 00:07:24 (1200 turns).

4thArraOfDagon the Ruffian (Naga Monk)              Turns: 1200, Time: 00:07:24

Health: 0/57       AC:  3    Str: 19    XL:     6   Next: 12%
Magic:  6/6        EV: 11    Int: 12    God:
Gold:   66         SH:  0    Dex: 15    Spells: 0 memorised, 5 levels left

rFire  . . .     SeeInvis +     t - +0 blowgun
rCold  . . .     Clarity  .     a - +0 robe
rNeg   . . .     SustAt   .     (no shield)
rPois  +         Gourm    .     (no helmet)
rElec  .         Spirit   .     (no cloak)
rCorr  .         Warding  .     (no gloves)
rMut   .         Stasis   .     (no barding)
MR     .....                    (no amulet)
Stlth  ++........               (no ring)
                                n - +5 ring of strength

@: vulnerable, very slow, not resistant to hostile enchantments, unstealthy
A: see invisible, agile 1, deformed body, poison resistance, slowness 2, slow
metabolism 1, spit poison 2, AC +2
a: Spit Poison


You were on level 8 of the Dungeon.
You were hungry.

You visited 2 branches of the dungeon, and saw 9 of its levels.

You collected 66 gold pieces.

Inventory:

Hand weapons
 t - a +0 blowgun (weapon)
Missiles
 q - 5 javelins
 u - 7 poisoned needles (quivered)
Armour
 a - a +0 robe (worn)
 e - a +0 helmet
Jewellery
 l - an uncursed ring of ice
 n - a +5 ring of strength (left hand)
Magical devices
 c - a wand of random effects (22)
Scrolls
 g - a scroll of remove curse
 h - a scroll of fog
 i - a scroll of identify
 o - a scroll of vulnerability
Potions
 d - a potion of poison {unknown}
 j - a potion of magic {unknown}
 k - a potion of agility {unknown}
 m - a potion of mutation {unknown}
 p - a potion of brilliance {unknown}
 s - a potion of haste {unknown}
Comestibles
 b - 4 bread rations


   Skills:
 + Level 4.1 Fighting
 + Level 3.5 Dodging
 - Level 3.0 Stealth
 * Level 5.7 Unarmed Combat


You had 5 spell levels left.
You didn't know any spells.

Dungeon Overview and Level Annotations

Branches:
Dungeon (8/15)             Temple (1/1) D:5
   Lair: D:8-11

Altars:
Ashenzari
Dithmenos
Elyvilon
Fedhas
Gozag
Kikubaaqudgha
Makhleb
Nemelex Xobeh
Okawaru
Qazlal
Ru
Sif Muna
Vehumet
Xom
Yredelemnul
Zin
The Shining One

Annotations:
D:4 4thArraOfDagon's ghost, weakling NaMo
D:7 1 runed door


Innate Abilities, Weirdness & Mutations

You cannot wear boots.
Your serpentine skin is tough (AC +2).
You have supernaturally acute eyesight.
Armour fits poorly on your strangely shaped body.
Your system is resistant to poisons.
You cover ground very slowly.
You have a slow metabolism.
You can spit poison.
You are agile. (Dex +2)


Message History

Aim: a killer bee (susceptible to magic)
The killer bee is blasted.
Evoking this partially-identified wand wasted a few charges.
The killer bee stings you.
* * * LOW HITPOINT WARNING * * *
The hippogriff bites you.
* * * LOW HITPOINT WARNING * * *
The hippogriff closely misses you. The hippogriff claws you.
* * * LOW HITPOINT WARNING * * *
The killer bee stings you but does no damage.
Unknown command.
Drink which item? (? for menu, Esc to quit)
It was a potion of beneficial mutation.
You feel agile.
You feel fantastic! The killer bee stings you.
* * * LOW HITPOINT WARNING * * *
The hippogriff bites you.
* * * LOW HITPOINT WARNING * * *
The hippogriff pecks you.
You die...

## ... H...
####..... ..
#.(...... #.#
#.# #.# #.#
#.# #H# ##.##
#@#
######...###y#
#............#
#.####...#####
##.# ##(##
##..# #.#
##...## #.#
##...).####(#
.........(..#


You could see a hippogriff and a killer bee.

Vanquished Creatures
  A big kobold (D:8)
  A scorpion (D:8)
  A hound (D:8)
  Natasha (twice) (D:3)
  2 adders (D:3)
  A gnoll (D:4)
  An ooze (D:3)
  An adder skeleton (D:5)
  3 orcs (D:3)
  2 ball pythons
  3 bats
  3 giant cockroaches
  A hobgoblin (D:3)
  2 jackals (D:7)
  A giant gecko (D:3)
  3 goblins
  A jackal skeleton (D:6)
  4 kobolds (D:8)
  A quokka (D:5)
  A quokka zombie (D:7)
  3 rats
  A butterfly (D:5)
39 creatures vanquished.

Notes
Turn   | Place    | Note
--------------------------------------------------------------
     0 | D:1      | 4thArraOfDagon the Naga Monk began the quest for the Orb.
     0 | D:1      | Reached XP level 1. HP: 21/21 MP: 1/1
   190 | D:3      | Reached XP level 2. HP: 28/28 MP: 2/2
   205 | D:3      | Noticed Natasha
   210 | D:3      | Killed Natasha
   210 | D:3      | Reached XP level 3. HP: 30/34 MP: 3/3
   279 | D:3      | Reached XP level 4. HP: 29/42 MP: 4/4
   310 | D:3      | Noticed Natasha
   359 | D:3      | Killed Natasha
   466 | D:4      | Noticed 4thArraOfDagon's ghost (weakling NaMo)
   482 | D:5      | Entered Level 5 of the Dungeon
   676 | D:5      | Found a staircase to the Ecumenical Temple.
   685 | Temple   | Entered the Ecumenical Temple
   951 | D:7      | Reached skill level 5 in Unarmed Combat
  1007 | D:7      | Found a runed door.
  1007 | D:7      | Noticed a human
  1127 | D:8      | Noticed a big kobold
  1144 | D:8      | Killed a big kobold
  1144 | D:8      | Reached XP level 5. HP: 34/50 MP: 5/5
  1190 | D:8      | Noticed a hippogriff
  1197 | D:8      | Reached XP level 6. HP: 23/57 MP: 6/6
  1200 | D:8      | Gained mutation: You are agile. (Dex +2) [potion of beneficial mutation]
  1200 | D:8      | HP: 1/57 [hippogriff (3)]
  1200 | D:8      | Slain by a hippogriff

Vault maps used:
D:1:      tarquinn_simple_flora_water_e
D:2:      ecumenical_altar_2
D:3:      eino_tiny_chamber, uniq_natasha
D:4:      corexii_shantytown
D:5:      minmay_temple_entry_butterflies, first_bread
D:6:      lemuel_crystal_altar, st_stairs_6, kennysheep_generic_room_15,
          uniq_crazy_yiuf_cottage
D:7:      grunt_livestock, corner_web_ring, dk_yredelemnul_ordeal
D:8:      grunt_lair_entry_elf_guard_hut, serial_shops, kennysheep_mini,
          hangedman_decor_lopped
Temple:   grunt_circular_temple_18

Action                   |  1- 3 |  4- 6 || total
-------------------------+-------+-------++-------
Melee: Unarmed           |    32 |    54 ||    86
 Fire: Blowgun           |       |     4 ||     4
 Abil: Spit Poison       |    10 |    15 ||    25
Evoke: Wand              |       |     1 ||     1
  Use: Potion            |     1 |     1 ||     2
       Scroll            |     1 |     3 ||     4
 Stab: Sleeping          |       |     1 ||     1
  Eat: Chunk             |       |     1 ||     1
